Predators vs Flyers
Created - December 7, 2017 at 00:11
Goals
|
| Predators |
0 |
0 |
0 |
0 |
| Flyers |
0 |
1 |
1 |
2 |
|
Shots
|
| Predators |
11 |
6 |
16 |
33 |
| Flyers |
17 |
13 |
8 |
38 |
|
1st period
No Goal
Penalties :
Ryan Murray (Nas) for Interference (Minor) at 5:39
2nd period
1. Flyers , Jean-Gabriel Pageau 3 (Chris Kreider 13, Wayne Simmonds 7) at 2:47
Penalties :
Andy Miele (Nas) for Roughing (Minor) at 0:09, Byron Bitz (Nas) for Hooking (Minor) at 4:23, Niclas Bergfors (Nas) for Tripping (Minor) at 10:16, James Van Riemsdyk (Nas) for Roughing (Minor) at 13:25, Alexander Ovechkin (Nas) for Hooking (Minor) at 15:59, Byron Bitz (Nas) for Hooking (Minor) at 18:59
3rd period
2. Flyers , Chris Kreider 9 (Mats Zuccarello 11) at 18:33 (Empty Net)
Penalties :
Ryan Murray (Nas) for Holding Stick (Minor) at 4:00, Radko Gudas (Phi) for Interference (Minor) at 11:35
Goalie Stats
Viktor Fasth (Nas), 36 saves from 37 shots - (0.973), L, 14-7-0, 59:28 minutes
Steve Mason (Phi), 33 saves from 33 shots - (1.000), W, 6-2-2, 60:00 minutes
Players Stats for Predators
Player Name G A P +/- PIM S H SB GA TA FO MP PP MP PK MP
------------------------------------------------------------------------------------
Adam Burish 0 0 0 0 0 3 1 0 0 1 1/1 20:04 0:10 9:16
Alexander Edler 0 0 0 -1 0 3 0 1 0 0 0/0 25:59 1:07 8:48
Alexander Ovechkin 0 0 0 -1 2 5 0 1 1 0 2/3 16:27 0:59 1:28
Alexander Steen 0 0 0 -1 0 0 1 1 1 1 1/1 10:09 0:50 0:15
Andy Miele 0 0 0 -1 2 0 1 1 0 1 10/22 18:15 0:50 8:31
Anton Gustafsson 0 0 0 0 0 0 0 0 0 0 2/5 6:54 0:00 0:00
Brett Clark 0 0 0 0 0 0 1 0 0 1 0/0 18:10 0:00 6:55
Byron Bitz 0 0 0 -1 4 1 0 0 1 1 0/0 14:29 0:50 3:18
Dmitri Kalinin 0 0 0 0 0 1 0 1 0 0 0/0 13:17 1:12 0:09
James Van Riemsdyk 0 0 0 0 2 2 0 0 0 0 2/2 10:46 0:10 0:00
Jeremy Williams 0 0 0 0 0 1 0 0 0 0 0/0 7:08 0:00 0:00
John Moore 0 0 0 0 0 1 0 0 0 0 0/0 20:22 0:00 6:55
Justin Abdelkader 0 0 0 0 0 1 3 0 1 0 0/1 12:39 0:10 2:54
Kris Vernarsky 0 0 0 0 0 4 0 0 1 0 3/9 10:38 0:00 0:53
Niclas Bergfors 0 0 0 -1 2 1 0 0 0 0 0/1 14:17 0:59 0:00
Ryan Kesler 0 0 0 -1 0 8 0 1 0 0 12/23 21:50 0:59 5:09
Ryan Mcdonagh 0 0 0 -2 0 2 0 0 0 2 0/0 29:04 0:52 8:48
Ryan Murray 0 0 0 -1 4 0 0 1 0 0 0/0 13:32 0:47 0:09
Players Stats for Flyers
Player Name G A P +/- PIM S H SB GA TA FO MP PP MP PK MP
------------------------------------------------------------------------------------
Alexei Morozov 0 0 0 0 0 2 1 1 1 2 0/0 8:26 0:27 0:00
Chris Kreider 1 1 2 2 0 4 1 0 0 0 0/1 21:34 7:48 0:34
Cody Eakin 0 0 0 0 0 1 0 0 0 0 6/10 11:55 0:27 0:00
Dany Heatley 0 0 0 0 0 0 2 2 0 0 0/0 17:20 7:37 0:00
Drew Miller 0 0 0 0 0 5 0 0 1 0 1/1 12:09 0:27 0:00
Jakub Voracek 0 0 0 0 0 4 2 0 0 2 0/0 17:20 7:37 0:00
Jean-Gabriel Pageau 1 0 1 2 0 3 3 1 0 0 16/36 21:20 7:48 0:34
Jeff Woywitka 0 0 0 0 0 1 0 6 0 1 0/0 24:32 6:18 0:59
Jonathan Ericsson 0 0 0 1 0 2 2 1 2 0 0/0 29:18 9:34 1:00
Kyle Wellwood 0 0 0 0 0 4 1 0 1 0 8/13 18:05 7:37 0:29
Mats Zuccarello 0 1 1 0 0 0 0 0 0 0 0/0 11:13 0:00 0:00
Matt Smaby 0 0 0 1 0 3 2 0 0 0 0/0 24:49 9:34 1:00
Matthew Lombardi 0 0 0 0 0 0 0 1 1 0 2/5 8:26 0:00 0:56
Nathan Paetsch 0 0 0 0 0 2 0 0 0 0 0/0 10:07 0:00 0:00
Radko Gudas 0 0 0 1 2 2 1 1 0 0 0/0 11:34 0:00 0:00
Rostislav Olesz 0 0 0 0 0 1 0 0 0 0 0/0 8:26 0:00 0:56
Stephane Robidas 0 0 0 1 0 0 1 2 0 0 0/0 19:55 6:18 0:59
Wayne Simmonds 0 1 1 2 0 4 2 0 1 0 2/2 21:31 7:48 0:29
3 Stars
1 - Steve Mason (Phi)
2 - Viktor Fasth (Nas)
3 - Chris Kreider (Phi)
Power Play
Predators - 0 on 1 Attempt(s) - 0.00%
Flyers - 0 on 8 Attempt(s) - 0.00%
Penalty Kill
Predators - 8 on 8 Attempt(s) - 100.00%
- Score 0 goal in Penalty Kill
Flyers - 1 on 1 Attempt(s) - 100.00%
- Score 0 goal in Penalty Kill
Team Stat
Predators - Hits : 7 - Faceoff Wins : 33 - Blocked Shots : 7 - Penalty Minutes : 16
Flyers - Hits : 18 - Faceoff Wins : 35 - Blocked Shots : 15 - Penalty Minutes : 2
Official
Referees : L'Ecuyer Frederick and StLaurent Francois
Linesman : Scott Driscoll and Jean Morin
Game Notes
Chris Kreider has scored in a empty net!
Finance
Level 1 -- Attendance: 5770 (96.17%) -- Ticket Income $519,300
Level 2 -- Attendance: 4395 (87.90%) -- Ticket Income $241,725
Level 3 -- Attendance: 1885 (94.25%) -- Ticket Income $65,975
Level 4 -- Attendance: 3557 (88.93%) -- Ticket Income $88,925
Luxury Box -- Attendance: 830 (83.00%) -- Ticket Income $136,950
Game was played at the Wells Fargo Center.
Total Attendance: 16437 (91.32%)
Total Ticket Income: $1,052,875
Other Income: $157,931
Total Income: $1,210,806
Predators
5 vs 5 Forward
Center Left Wing Right Wing Time % Phy DF OF
1 Ryan Kesler Alexander Ovechkin Niclas Bergfors 40 1 2 2
2 Andy Miele Alexander Steen Byron Bitz 30 1 2 2
3 Kris Vernarsky James Van Riemsdyk Adam Burish 20 1 2 2
4 Anton Gustafsson Justin Abdelkader Jeremy Williams 10 1 2 2
5 vs 5 Defense
Defense Defense Time % Phy DF OF
1 Ryan Mcdonagh Alexander Edler 40 1 2 2
2 John Moore Dmitri Kalinin 30 1 2 2
3 Brett Clark Ryan Murray 20 1 2 2
4 Ryan Mcdonagh Ryan Murray 10 1 2 2
PowerPlay Forward
Center Left Wing Right Wing Time % Phy DF OF
1 Ryan Kesler Alexander Ovechkin Niclas Bergfors 60 1 2 2
2 Andy Miele Alexander Steen Byron Bitz 40 1 2 2
PowerPlay Defense
Defense Defense Time % Phy DF OF
1 Alexander Edler Dmitri Kalinin 60 1 2 2
2 Ryan Mcdonagh Ryan Murray 40 1 2 2
Penalty Kill 4 Players Forward
Center Wing Time % Phy DF OF
1 Andy Miele Adam Burish 60 1 2 2
2 Ryan Kesler Byron Bitz 40 1 2 2
Penalty Kill 4 Players Defense
Defense Defense Time % Phy DF OF
1 Ryan Mcdonagh Alexander Edler 60 1 2 2
2 John Moore Brett Clark 40 1 2 2
Penalty Kill - 3 Players Forward
Forward Time % Phy DF OF
1 Byron Bitz 60 1 2 2
2 Adam Burish 40 1 2 2
Penalty Kill - 3 Players Defense
Defense Defense Time % Phy DF OF
1 Ryan Mcdonagh Alexander Edler 60 1 2 2
2 John Moore Brett Clark 40 1 2 2
4 vs 4 Forward
Center Wing Time % Phy DF OF
1 Ryan Kesler Alexander Ovechkin 60 1 2 2
2 Andy Miele Niclas Bergfors 40 1 2 2
4 vs 4 Defense
Defense Defense Time % Phy DF OF
1 Ryan Mcdonagh Alexander Edler 60 1 2 2
2 John Moore Dmitri Kalinin 40 1 2 2
Last Minutes Offensive
Center Left Wing Right Wing Defense Defense
Ryan Kesler Alexander Ovechkin Niclas Bergfors Ryan Mcdonagh Alexander Edler
Last Minutes Defensive
Center Left Wing Right Wing Defense Defense
Ryan Kesler Alexander Ovechkin Byron Bitz Ryan Mcdonagh Alexander Edler
Goaltenders
Starting : Viktor Fasth
Backup : Chad Johnson
Extra Forwards
Normal : James Van Riemsdyk, Adam Burish, Justin Abdelkader - PP : James Van Riemsdyk, Justin Abdelkader - PK : Justin Abdelkader
Extra Defensemen
Normal : Ryan Murray, Brett Clark, John Moore - PP : Ryan Murray - PK : Brett Clark, John Moore
Penalty Shots
Alexander Ovechkin, Ryan Kesler, Niclas Bergfors, Byron Bitz, Adam Burish
Scratches
Andrej Meszaros (Healthy), Barret Jackman (Healthy), Mikael Granlund (Right Forearm Injury)
Flyers
5 vs 5 Forward
Center Left Wing Right Wing Time % Phy DF OF
1 Jean-Gabriel Pageau Chris Kreider Wayne Simmonds 40 1 1 3
2 Kyle Wellwood Dany Heatley Jakub Voracek 30 1 1 3
3 Cody Eakin Drew Miller Mats Zuccarello 20 0 2 3
4 Matthew Lombardi Rostislav Olesz Alexei Morozov 10 0 5 0
5 vs 5 Defense
Defense Defense Time % Phy DF OF
1 Jonathan Ericsson Matt Smaby 40 1 2 2
2 Radko Gudas Jeff Woywitka 30 1 2 2
3 Nathan Paetsch Stephane Robidas 20 1 2 2
4 Jonathan Ericsson Jeff Woywitka 10 0 2 3
PowerPlay Forward
Center Left Wing Right Wing Time % Phy DF OF
1 Jean-Gabriel Pageau Chris Kreider Wayne Simmonds 60 1 0 4
2 Kyle Wellwood Dany Heatley Jakub Voracek 40 1 0 4
PowerPlay Defense
Defense Defense Time % Phy DF OF
1 Jonathan Ericsson Matt Smaby 60 0 2 3
2 Stephane Robidas Jeff Woywitka 40 0 2 3
Penalty Kill 4 Players Forward
Center Wing Time % Phy DF OF
1 Matthew Lombardi Rostislav Olesz 60 0 5 0
2 Kyle Wellwood Wayne Simmonds 40 0 4 1
Penalty Kill 4 Players Defense
Defense Defense Time % Phy DF OF
1 Jonathan Ericsson Matt Smaby 60 0 5 0
2 Jeff Woywitka Stephane Robidas 40 0 5 0
Penalty Kill - 3 Players Forward
Forward Time % Phy DF OF
1 Matthew Lombardi 60 0 5 0
2 Kyle Wellwood 40 0 4 1
Penalty Kill - 3 Players Defense
Defense Defense Time % Phy DF OF
1 Jonathan Ericsson Matt Smaby 60 0 5 0
2 Jeff Woywitka Stephane Robidas 40 0 5 0
4 vs 4 Forward
Center Wing Time % Phy DF OF
1 Matthew Lombardi Chris Kreider 60 1 2 2
2 Kyle Wellwood Dany Heatley 40 0 2 3
4 vs 4 Defense
Defense Defense Time % Phy DF OF
1 Jonathan Ericsson Stephane Robidas 60 1 2 2
2 Stephane Robidas Jeff Woywitka 40 1 2 2
Last Minutes Offensive
Center Left Wing Right Wing Defense Defense
Kyle Wellwood Dany Heatley Jakub Voracek Jonathan Ericsson Jeff Woywitka
Last Minutes Defensive
Center Left Wing Right Wing Defense Defense
Matthew Lombardi Dany Heatley Wayne Simmonds Jonathan Ericsson Jeff Woywitka
Goaltenders
Starting : Steve Mason
Backup : Cory Schneider
Extra Forwards
Normal : Chris Kreider, Dany Heatley, Jakub Voracek - PP : Chris Kreider, Dany Heatley - PK : Matthew Lombardi
Extra Defensemen
Normal : Jonathan Ericsson, Stephane Robidas, Jeff Woywitka - PP : Jeff Woywitka - PK : Jonathan Ericsson, Jeff Woywitka
Penalty Shots
Chris Kreider, Kyle Wellwood, Dany Heatley, Alexei Morozov, Jakub Voracek
Scratches
Marcus Kruger (Left Eye Injury), Jeff Carter (Sore Right Knee Injury)
% Time on Ice - Predators
Lines # - Real PCT - Wanted PCT - Time Play
Normal Forward
1 - 34% - 40% - 14:31
2 - 26% - 30% - 10:59
3 - 23% - 20% - 9:45
4 - 16% - 10% - 6:54
Normal Defense
1 - 40% - 40% - 16:45
2 - 32% - 30% - 13:27
3 - 21% - 20% - 9:03
4 - 7% - 10% - 2:54
PP Forward
1 - 58% - 60% - 1:09
2 - 42% - 40% - 0:50
PP Defense
1 - 61% - 60% - 1:12
2 - 39% - 40% - 0:47
PK Forward
1 - 69% - 60% - 11:01
2 - 31% - 40% - 4:51
PK Defense
1 - 56% - 60% - 8:57
2 - 44% - 40% - 6:55
PK3 Forward
1 - 0% - 60%
2 - 0% - 40%
PK3 Defense
1 - 0% - 60%
2 - 0% - 40%
44 Forward
1 - 0% - 60%
2 - 0% - 40%
44 Defense
1 - 0% - 60%
2 - 0% - 40%
Last Minute Offensive - 0:00
Last Minute Defensive - 0:00
Total
Forward - 60:00
Defense - 60:00
|
% Time on Ice - Flyers
Lines # - Real PCT - Wanted PCT - Time Play
Normal Forward
1 - 31% - 40% - 13:13
2 - 24% - 30% - 10:13
3 - 27% - 20% - 11:13
4 - 18% - 10% - 7:30
Normal Defense
1 - 34% - 40% - 14:15
2 - 32% - 30% - 13:27
3 - 24% - 20% - 10:07
4 - 10% - 10% - 4:20
PP Forward
1 - 52% - 60% - 8:15
2 - 48% - 40% - 7:37
PP Defense
1 - 60% - 60% - 9:34
2 - 40% - 40% - 6:18
PK Forward
1 - 76% - 60% - 1:30
2 - 24% - 40% - 0:29
PK Defense
1 - 50% - 60% - 1:00
2 - 50% - 40% - 0:59
PK3 Forward
1 - 0% - 60%
2 - 0% - 40%
PK3 Defense
1 - 0% - 60%
2 - 0% - 40%
44 Forward
1 - 0% - 60%
2 - 0% - 40%
44 Defense
1 - 0% - 60%
2 - 0% - 40%
Last Minute Offensive - 0:00
Last Minute Defensive - 0:00
Total
Forward - 60:00
Defense - 60:00
|
Play by Play
1st period
0:01 of 1st period - Jean-Gabriel Pageau wins face-off versus Ryan Kesler in neutral zone.
0:06 of 1st period - Wrist shot by Jean-Gabriel Pageau.
0:06 of 1st period - Stopped by Viktor Fasth without a rebound.
0:07 of 1st period - Alexander Ovechkin wins face-off versus Jean-Gabriel Pageau in Predators zone.
1:01 of 1st period - Slapshot by Drew Miller.
1:01 of 1st period - Stopped by Viktor Fasth with a rebound.
1:15 of 1st period - Slapshot by Matt Smaby.
1:15 of 1st period - Shot Misses the Net.
1:17 of 1st period - Wrist shot by Alexei Morozov.
1:17 of 1st period - Stopped by Viktor Fasth without a rebound.
1:18 of 1st period - Matthew Lombardi wins face-off versus Ryan Kesler in Predators zone.
1:21 of 1st period - Wrist shot by Matthew Lombardi.
1:21 of 1st period - Shot Misses the Net.
2:54 of 1st period - Icing by Jeff Woywitka.
2:55 of 1st period - Cody Eakin wins face-off versus Ryan Kesler in Flyers zone.
3:08 of 1st period - Slapshot by Niclas Bergfors.
3:08 of 1st period - Stopped by Steve Mason with a rebound.
3:26 of 1st period - Snap shot by Mats Zuccarello.
3:26 of 1st period - Shot Misses the Net.
3:46 of 1st period - Snap shot by Adam Burish.
3:46 of 1st period - Stopped by Steve Mason without a rebound.
3:47 of 1st period - Adam Burish wins face-off versus Jean-Gabriel Pageau in Flyers zone.
4:23 of 1st period - Off-side.
4:24 of 1st period - Kyle Wellwood wins face-off versus Niclas Bergfors in neutral zone.
4:51 of 1st period - Stephane Robidas is hit by Justin Abdelkader.
4:55 of 1st period - Snap shot by Jakub Voracek.
4:55 of 1st period - Stopped by Viktor Fasth with a rebound.
4:57 of 1st period - Slapshot by Jeff Woywitka.
4:57 of 1st period - Stopped by Viktor Fasth without a rebound.
4:58 of 1st period - Jean-Gabriel Pageau wins face-off versus Anton Gustafsson in Predators zone.
5:22 of 1st period - Slapshot by Justin Abdelkader.
5:22 of 1st period - Stopped by Steve Mason without a rebound.
5:23 of 1st period - Kyle Wellwood wins face-off versus Ryan Kesler in Flyers zone.
5:39 of 1st period - Minor Penalty to Ryan Murray for Interference.
5:40 of 1st period - Andy Miele wins face-off versus Jean-Gabriel Pageau in Predators zone.
6:50 of 1st period - Wrist shot by Alexander Edler.
6:50 of 1st period - Shot Blocked by Jeff Woywitka.
6:52 of 1st period - Wrist shot by Justin Abdelkader.
6:52 of 1st period - Shot Misses the Net.
6:54 of 1st period - Slapshot by Alexander Edler.
6:54 of 1st period - Stopped by Steve Mason without a rebound.
6:55 of 1st period - Andy Miele wins face-off versus Kyle Wellwood in Flyers zone.
7:39 of 1st period - Penalty to Ryan Murray is over, Ryan Murray is back on ice.
8:36 of 1st period - Slapshot by Chris Kreider.
8:36 of 1st period - Stopped by Viktor Fasth without a rebound.
8:37 of 1st period - Jean-Gabriel Pageau wins face-off versus Kris Vernarsky in Predators zone.
8:44 of 1st period - Slapshot by Chris Kreider.
8:44 of 1st period - Stopped by Viktor Fasth without a rebound.
8:45 of 1st period - Ryan Kesler wins face-off versus Jean-Gabriel Pageau in Predators zone.
9:11 of 1st period - Ryan Murray is hit by Jakub Voracek and loses puck.
9:18 of 1st period - Slapshot by Kyle Wellwood.
9:18 of 1st period - Shot Blocked by Andy Miele.
9:20 of 1st period - Wrist shot by Jakub Voracek.
9:20 of 1st period - Stopped by Viktor Fasth with a rebound.
9:22 of 1st period - Slapshot by Radko Gudas.
9:22 of 1st period - Stopped by Viktor Fasth without a rebound.
9:23 of 1st period - Ryan Kesler wins face-off versus Jean-Gabriel Pageau in Predators zone.
9:38 of 1st period - Snap shot by Ryan Kesler.
9:38 of 1st period - Stopped by Steve Mason with a rebound.
9:50 of 1st period - Dany Heatley is hit by Andy Miele and loses puck.
10:52 of 1st period - Snap shot by Chris Kreider.
10:52 of 1st period - Shot Blocked by Alexander Ovechkin.
10:54 of 1st period - Snap shot by Wayne Simmonds.
10:54 of 1st period - Stopped by Viktor Fasth without a rebound.
10:55 of 1st period - Ryan Kesler wins face-off versus Jean-Gabriel Pageau in Predators zone.
11:04 of 1st period - Snap shot by Alexander Ovechkin.
11:04 of 1st period - Stopped by Steve Mason with a rebound.
11:06 of 1st period - Snap shot by Alexander Ovechkin.
11:06 of 1st period - Stopped by Steve Mason without a rebound.
11:07 of 1st period - Alexander Steen wins face-off versus Jean-Gabriel Pageau in Flyers zone.
11:44 of 1st period - Wrist shot by Dany Heatley.
11:44 of 1st period - Shot Blocked by Ryan Kesler.
12:26 of 1st period - Backhand shot by Alexander Edler.
12:26 of 1st period - Deflect By Alexander Steen.
12:26 of 1st period - Shot Blocked by Radko Gudas.
12:26 of 1st period - Puck is out of play.
12:27 of 1st period - Wayne Simmonds wins face-off versus Ryan Kesler in Flyers zone.
12:38 of 1st period - Wrist shot by Wayne Simmonds.
12:38 of 1st period - Shot Misses the Net.
12:40 of 1st period - Slapshot by Nathan Paetsch.
12:40 of 1st period - Stopped by Viktor Fasth without a rebound.
12:41 of 1st period - Kyle Wellwood wins face-off versus Andy Miele in Predators zone.
12:46 of 1st period - Wrist shot by Kyle Wellwood.
12:46 of 1st period - Stopped by Viktor Fasth with a rebound.
13:06 of 1st period - Alexander Ovechkin is hit by Jean-Gabriel Pageau and loses puck.
14:58 of 1st period - Snap shot by Byron Bitz.
14:58 of 1st period - Stopped by Steve Mason with a rebound.
15:15 of 1st period - Icing by Alexander Edler.
15:16 of 1st period - Kyle Wellwood wins face-off versus Kris Vernarsky in Predators zone.
15:27 of 1st period - Wrist shot by Alexander Edler.
15:27 of 1st period - Stopped by Steve Mason with a rebound.
15:29 of 1st period - Backhand shot by Adam Burish.
15:29 of 1st period - Shot Misses the Net.
15:31 of 1st period - Wrist shot by Adam Burish.
15:31 of 1st period - Shot Misses the Net.
15:47 of 1st period - Wrist shot by Chris Kreider.
15:47 of 1st period - Stopped by Viktor Fasth with a rebound.
15:49 of 1st period - Wrist shot by Wayne Simmonds.
15:49 of 1st period - Stopped by Viktor Fasth without a rebound.
15:50 of 1st period - Wayne Simmonds wins face-off versus Andy Miele in Predators zone.
16:07 of 1st period - Byron Bitz is hit by Chris Kreider and loses puck.
16:26 of 1st period - Slapshot by Jonathan Ericsson.
16:26 of 1st period - Stopped by Viktor Fasth with a rebound.
16:28 of 1st period - Wrist shot by Matt Smaby.
16:28 of 1st period - Shot Misses the Net.
16:38 of 1st period - Slapshot by Adam Burish.
16:38 of 1st period - Deflect By Kris Vernarsky.
16:38 of 1st period - Shot Misses the Net.
16:38 of 1st period - Puck is out of play.
16:39 of 1st period - Kris Vernarsky wins face-off versus Cody Eakin in Flyers zone.
17:06 of 1st period - Wrist shot by Alexander Ovechkin.
17:06 of 1st period - Stopped by Steve Mason without a rebound.
17:07 of 1st period - Jean-Gabriel Pageau wins face-off versus Ryan Kesler in Flyers zone.
17:16 of 1st period - Snap shot by Chris Kreider.
17:16 of 1st period - Shot Misses the Net.
17:18 of 1st period - Slapshot by Wayne Simmonds.
17:18 of 1st period - Stopped by Viktor Fasth without a rebound.
17:19 of 1st period - Ryan Kesler wins face-off versus Jean-Gabriel Pageau in Predators zone.
17:19 of 1st period - Ryan Kesler is hit by Wayne Simmonds.
17:53 of 1st period - Wrist shot by Jean-Gabriel Pageau.
17:53 of 1st period - Stopped by Viktor Fasth with a rebound.
18:04 of 1st period - Alexander Edler is hit by Stephane Robidas and loses puck.
18:23 of 1st period - Wrist shot by Adam Burish.
18:23 of 1st period - Shot Misses the Net.
18:31 of 1st period - Backhand shot by James Van Riemsdyk.
18:31 of 1st period - Shot Blocked by Jean-Gabriel Pageau.
18:33 of 1st period - Wrist shot by Alexander Edler.
18:33 of 1st period - Stopped by Steve Mason without a rebound.
18:34 of 1st period - Ryan Kesler wins face-off versus Kyle Wellwood in Flyers zone.
19:12 of 1st period - Slapshot by Byron Bitz.
19:12 of 1st period - Deflect By Andy Miele.
19:12 of 1st period - Shot Blocked by Jeff Woywitka.
19:12 of 1st period - Puck is out of play.
19:13 of 1st period - Kyle Wellwood wins face-off versus Ryan Kesler in Flyers zone.
19:28 of 1st period - Wrist shot by Jakub Voracek.
19:28 of 1st period - Shot Misses the Net.
Goals for this period are 0 for Predators vs 0 for Flyers.
Shots for this period are 11 for Predators vs 17 for Flyers.
2nd period
0:01 of 2nd period - Jean-Gabriel Pageau wins face-off versus Andy Miele in neutral zone.
0:09 of 2nd period - Minor Penalty to Andy Miele for Roughing.
0:10 of 2nd period - Jean-Gabriel Pageau wins face-off versus Justin Abdelkader in Predators zone.
2:09 of 2nd period - Penalty to Andy Miele is over, Andy Miele is back on ice.
2:21 of 2nd period - Snap shot by Drew Miller.
2:21 of 2nd period - Shot Misses the Net.
2:23 of 2nd period - Slapshot by Jeff Woywitka.
2:23 of 2nd period - Deflect By Cody Eakin.
2:23 of 2nd period - Stopped by Viktor Fasth without a rebound.
2:24 of 2nd period - Anton Gustafsson wins face-off versus Matthew Lombardi in Predators zone.
2:33 of 2nd period - Wrist shot by Jeremy Williams.
2:33 of 2nd period - Stopped by Steve Mason with a rebound.
2:35 of 2nd period - Wrist shot by Justin Abdelkader.
2:35 of 2nd period - Deflect By Anton Gustafsson.
2:35 of 2nd period - Shot Misses the Net.
2:35 of 2nd period - Puck is out of play.
2:36 of 2nd period - Jean-Gabriel Pageau wins face-off versus Andy Miele in Flyers zone.
2:47 of 2nd period - Slapshot by Jean-Gabriel Pageau.
2:47 of 2nd period - Goal by Jean-Gabriel Pageau - Predators : 0 - Flyers : 1.
2:48 of 2nd period - Andy Miele wins face-off versus Kyle Wellwood in neutral zone.
3:38 of 2nd period - Slapshot by Drew Miller.
3:38 of 2nd period - Stopped by Viktor Fasth with a rebound.
4:02 of 2nd period - Slapshot by Rostislav Olesz.
4:02 of 2nd period - Stopped by Viktor Fasth without a rebound.
4:03 of 2nd period - Matthew Lombardi wins face-off versus Andy Miele in Predators zone.
4:23 of 2nd period - Minor Penalty to Byron Bitz for Hooking.
4:24 of 2nd period - Jean-Gabriel Pageau wins face-off versus Andy Miele in Predators zone.
4:58 of 2nd period - Snap shot by Ryan Kesler.
4:58 of 2nd period - Stopped by Steve Mason without a rebound.
4:59 of 2nd period - Andy Miele wins face-off versus Jean-Gabriel Pageau in Flyers zone.
5:00 of 2nd period - Backhand shot by Adam Burish.
5:00 of 2nd period - Stopped by Steve Mason without a rebound.
5:01 of 2nd period - Andy Miele wins face-off versus Jean-Gabriel Pageau in Flyers zone.
5:02 of 2nd period - Wrist shot by Adam Burish.
5:02 of 2nd period - Shot Misses the Net.
5:36 of 2nd period - Snap shot by Ryan Kesler.
5:36 of 2nd period - Stopped by Steve Mason with a rebound.
5:48 of 2nd period - Wrist shot by Andy Miele.
5:48 of 2nd period - Shot Misses the Net.
6:23 of 2nd period - Penalty to Byron Bitz is over, Byron Bitz is back on ice.
6:37 of 2nd period - Wrist shot by Ryan Kesler.
6:37 of 2nd period - Stopped by Steve Mason without a rebound.
6:38 of 2nd period - Anton Gustafsson wins face-off versus Cody Eakin in Flyers zone.
6:53 of 2nd period - Wrist shot by Justin Abdelkader.
6:53 of 2nd period - Shot Blocked by Stephane Robidas.
7:11 of 2nd period - Snap shot by Andy Miele.
7:11 of 2nd period - Shot Misses the Net.
7:32 of 2nd period - Off-side.
7:33 of 2nd period - Jean-Gabriel Pageau wins face-off versus Ryan Kesler in neutral zone.
7:41 of 2nd period - Icing by Niclas Bergfors.
7:42 of 2nd period - Ryan Kesler wins face-off versus Jean-Gabriel Pageau in Predators zone.
7:59 of 2nd period - Wrist shot by Wayne Simmonds.
7:59 of 2nd period - Shot Misses the Net.
8:01 of 2nd period - Snap shot by Wayne Simmonds.
8:01 of 2nd period - Shot Misses the Net.
8:03 of 2nd period - Wrist shot by Chris Kreider.
8:03 of 2nd period - Deflect By Wayne Simmonds.
8:03 of 2nd period - Shot Blocked by Dmitri Kalinin.
8:03 of 2nd period - Puck is out of play.
8:04 of 2nd period - Kyle Wellwood wins face-off versus Andy Miele in Predators zone.
8:07 of 2nd period - Snap shot by Jakub Voracek.
8:07 of 2nd period - Shot Misses the Net.
8:09 of 2nd period - Slapshot by Radko Gudas.
8:09 of 2nd period - Shot Blocked by Alexander Steen.
8:51 of 2nd period - Off-side.
8:52 of 2nd period - Drew Miller wins face-off versus Anton Gustafsson in neutral zone.
8:55 of 2nd period - Wrist shot by Matt Smaby.
8:55 of 2nd period - Stopped by Viktor Fasth without a rebound.
8:56 of 2nd period - Cody Eakin wins face-off versus Anton Gustafsson in Predators zone.
9:17 of 2nd period - Snap shot by Drew Miller.
9:17 of 2nd period - Stopped by Viktor Fasth with a rebound.
9:19 of 2nd period - Slapshot by Jonathan Ericsson.
9:19 of 2nd period - Stopped by Viktor Fasth with a rebound.
9:21 of 2nd period - Slapshot by Matt Smaby.
9:21 of 2nd period - Deflect By Alexander Edler.
9:21 of 2nd period - Stopped by Viktor Fasth with a rebound.
9:39 of 2nd period - Wrist shot by Drew Miller.
9:39 of 2nd period - Shot Misses the Net.
9:57 of 2nd period - Snap shot by Ryan Mcdonagh.
9:57 of 2nd period - Shot Blocked by Jonathan Ericsson.
10:09 of 2nd period - Wrist shot by Justin Abdelkader.
10:09 of 2nd period - Deflect By Drew Miller.
10:09 of 2nd period - Shot Misses the Net.
10:09 of 2nd period - Puck is out of play.
10:10 of 2nd period - Jean-Gabriel Pageau wins face-off versus Ryan Kesler in Flyers zone.
10:16 of 2nd period - Minor Penalty to Niclas Bergfors for Tripping.
10:17 of 2nd period - Andy Miele wins face-off versus Jean-Gabriel Pageau in Predators zone.
12:04 of 2nd period - Kyle Wellwood is hit by Justin Abdelkader and loses puck.
12:16 of 2nd period - Penalty to Niclas Bergfors is over, Niclas Bergfors is back on ice.
13:25 of 2nd period - Minor Penalty to James Van Riemsdyk for Roughing.
13:26 of 2nd period - Andy Miele wins face-off versus Jean-Gabriel Pageau in Predators zone.
13:43 of 2nd period - Off-side.
13:44 of 2nd period - Kyle Wellwood wins face-off versus Andy Miele in neutral zone.
13:47 of 2nd period - Slapshot by Matt Smaby.
13:47 of 2nd period - Stopped by Viktor Fasth without a rebound.
13:48 of 2nd period - Andy Miele wins face-off versus Kyle Wellwood in Predators zone.
14:13 of 2nd period - Alexander Edler is hit by Matt Smaby and loses puck.
14:40 of 2nd period - Wrist shot by Dany Heatley.
14:40 of 2nd period - Shot Misses the Net.
14:46 of 2nd period - Wrist shot by Jakub Voracek.
14:46 of 2nd period - Stopped by Viktor Fasth with a rebound.
14:58 of 2nd period - Wrist shot by Jakub Voracek.
14:58 of 2nd period - Stopped by Viktor Fasth with a rebound.
15:25 of 2nd period - Penalty to James Van Riemsdyk is over, James Van Riemsdyk is back on ice.
15:32 of 2nd period - Snap shot by Jakub Voracek.
15:32 of 2nd period - Deflect By Kyle Wellwood.
15:32 of 2nd period - Stopped by Viktor Fasth with a rebound.
15:34 of 2nd period - Slapshot by Dany Heatley.
15:34 of 2nd period - Shot Blocked by Alexander Edler.
15:36 of 2nd period - Wrist shot by Kyle Wellwood.
15:36 of 2nd period - Stopped by Viktor Fasth without a rebound.
15:37 of 2nd period - Ryan Kesler wins face-off versus Jean-Gabriel Pageau in Predators zone.
15:50 of 2nd period - Ryan Mcdonagh is hit by Radko Gudas and loses puck.
15:59 of 2nd period - Minor Penalty to Alexander Ovechkin for Hooking.
16:00 of 2nd period - Andy Miele wins face-off versus Jean-Gabriel Pageau in Predators zone.
16:38 of 2nd period - Snap shot by Ryan Kesler.
16:38 of 2nd period - Stopped by Steve Mason without a rebound.
16:39 of 2nd period - Ryan Kesler wins face-off versus Jean-Gabriel Pageau in Flyers zone.
17:42 of 2nd period - Adam Burish is hit by Alexei Morozov and loses puck.
17:59 of 2nd period - Penalty to Alexander Ovechkin is over, Alexander Ovechkin is back on ice.
18:07 of 2nd period - Wrist shot by Ryan Kesler.
18:07 of 2nd period - Shot Blocked by Jeff Woywitka.
18:29 of 2nd period - Backhand shot by Justin Abdelkader.
18:29 of 2nd period - Shot Misses the Net.
18:33 of 2nd period - Slapshot by Dmitri Kalinin.
18:33 of 2nd period - Shot Blocked by Jeff Woywitka.
18:35 of 2nd period - Snap shot by Anton Gustafsson.
18:35 of 2nd period - Shot Misses the Net.
18:59 of 2nd period - Minor Penalty to Byron Bitz for Hooking.
19:00 of 2nd period - Jean-Gabriel Pageau wins face-off versus Andy Miele in Predators zone.
19:32 of 2nd period - Brett Clark is hit by Jakub Voracek and loses puck.
Goals for this period are 0 for Predators vs 1 for Flyers.
Shots for this period are 6 for Predators vs 13 for Flyers.
3rd period
0:01 of 3rd period - Jean-Gabriel Pageau wins face-off versus Andy Miele in neutral zone.
0:26 of 3rd period - Alexander Edler is hit by Jonathan Ericsson and loses puck.
0:59 of 3rd period - Penalty to Byron Bitz is over, Byron Bitz is back on ice.
1:19 of 3rd period - Slapshot by Ryan Kesler.
1:19 of 3rd period - Stopped by Steve Mason with a rebound.
1:21 of 3rd period - Slapshot by Ryan Kesler.
1:21 of 3rd period - Shot Misses the Net.
1:23 of 3rd period - Slapshot by John Moore.
1:23 of 3rd period - Shot Blocked by Alexei Morozov.
1:25 of 3rd period - Wrist shot by Ryan Kesler.
1:25 of 3rd period - Shot Misses the Net.
1:37 of 3rd period - Slapshot by Ryan Kesler.
1:37 of 3rd period - Shot Blocked by Matthew Lombardi.
2:41 of 3rd period - Wrist shot by Ryan Kesler.
2:41 of 3rd period - Stopped by Steve Mason without a rebound.
2:42 of 3rd period - James Van Riemsdyk wins face-off versus Jean-Gabriel Pageau in Flyers zone.
3:08 of 3rd period - Adam Burish is hit by Dany Heatley and loses puck.
3:19 of 3rd period - James Van Riemsdyk is hit by Dany Heatley and loses puck.
3:38 of 3rd period - Snap shot by Drew Miller.
3:38 of 3rd period - Stopped by Viktor Fasth without a rebound.
3:39 of 3rd period - Jean-Gabriel Pageau wins face-off versus Andy Miele in Predators zone.
3:40 of 3rd period - Wrist shot by Chris Kreider.
3:40 of 3rd period - Shot Misses the Net.
3:42 of 3rd period - Backhand shot by Chris Kreider.
3:42 of 3rd period - Shot Blocked by Ryan Murray.
4:00 of 3rd period - Minor Penalty to Ryan Murray for Holding Stick.
4:01 of 3rd period - Jean-Gabriel Pageau wins face-off versus Andy Miele in Predators zone.
5:07 of 3rd period - Snap shot by Kyle Wellwood.
5:07 of 3rd period - Stopped by Viktor Fasth without a rebound.
5:08 of 3rd period - Andy Miele wins face-off versus Chris Kreider in Predators zone.
6:00 of 3rd period - Penalty to Ryan Murray is over, Ryan Murray is back on ice.
7:09 of 3rd period - John Moore is hit by Jean-Gabriel Pageau and loses puck.
7:36 of 3rd period - Drew Miller is hit by Alexander Steen and loses puck.
8:15 of 3rd period - Jeremy Williams is hit by Kyle Wellwood and loses puck.
8:30 of 3rd period - Brett Clark is hit by Matt Smaby and loses puck.
8:53 of 3rd period - Wrist shot by Ryan Kesler.
8:53 of 3rd period - Shot Misses the Net.
8:57 of 3rd period - Backhand shot by Alexander Ovechkin.
8:57 of 3rd period - Shot Misses the Net.
9:13 of 3rd period - Slapshot by Chris Kreider.
9:13 of 3rd period - Shot Misses the Net.
9:15 of 3rd period - Slapshot by Radko Gudas.
9:15 of 3rd period - Stopped by Viktor Fasth without a rebound.
9:16 of 3rd period - Kyle Wellwood wins face-off versus Ryan Kesler in Predators zone.
10:02 of 3rd period - Wrist shot by Alexei Morozov.
10:02 of 3rd period - Stopped by Viktor Fasth without a rebound.
10:03 of 3rd period - Kris Vernarsky wins face-off versus Matthew Lombardi in Predators zone.
10:30 of 3rd period - Alexander Ovechkin is hit by Wayne Simmonds and loses puck.
10:34 of 3rd period - Icing by Alexander Ovechkin.
10:35 of 3rd period - Jean-Gabriel Pageau wins face-off versus Ryan Kesler in Predators zone.
10:40 of 3rd period - Wrist shot by Wayne Simmonds.
10:40 of 3rd period - Stopped by Viktor Fasth without a rebound.
10:41 of 3rd period - Ryan Kesler wins face-off versus Jean-Gabriel Pageau in Predators zone.
10:41 of 3rd period - Ryan Kesler is hit by Jean-Gabriel Pageau.
10:53 of 3rd period - Snap shot by Ryan Kesler.
10:53 of 3rd period - Stopped by Steve Mason without a rebound.
10:54 of 3rd period - Ryan Kesler wins face-off versus Jean-Gabriel Pageau in Flyers zone.
11:23 of 3rd period - Snap shot by Ryan Mcdonagh.
11:23 of 3rd period - Stopped by Steve Mason with a rebound.
11:25 of 3rd period - Slapshot by Alexander Edler.
11:25 of 3rd period - Shot Blocked by Dany Heatley.
11:35 of 3rd period - Minor Penalty to Radko Gudas for Interference.
11:36 of 3rd period - Alexander Ovechkin wins face-off versus Matthew Lombardi in Flyers zone.
13:35 of 3rd period - Penalty to Radko Gudas is over, Radko Gudas is back on ice.
13:41 of 3rd period - Wayne Simmonds is hit by Justin Abdelkader and loses puck.
14:00 of 3rd period - Wrist shot by Drew Miller.
14:00 of 3rd period - Stopped by Viktor Fasth without a rebound.
14:01 of 3rd period - Cody Eakin wins face-off versus Kris Vernarsky in Predators zone.
14:34 of 3rd period - Slapshot by Chris Kreider.
14:34 of 3rd period - Shot Misses the Net.
14:36 of 3rd period - Wrist shot by Wayne Simmonds.
14:36 of 3rd period - Shot Misses the Net.
14:38 of 3rd period - Wrist shot by Nathan Paetsch.
14:38 of 3rd period - Stopped by Viktor Fasth without a rebound.
14:39 of 3rd period - Ryan Kesler wins face-off versus Kyle Wellwood in Predators zone.
14:54 of 3rd period - Wrist shot by Ryan Kesler.
14:54 of 3rd period - Shot Blocked by Dany Heatley.
15:06 of 3rd period - Kyle Wellwood is hit by Brett Clark and loses puck.
15:11 of 3rd period - Snap shot by James Van Riemsdyk.
15:11 of 3rd period - Stopped by Steve Mason without a rebound.
15:12 of 3rd period - Jean-Gabriel Pageau wins face-off versus Kris Vernarsky in Flyers zone.
15:25 of 3rd period - Radko Gudas is hit by Adam Burish and loses puck.
15:49 of 3rd period - Slapshot by James Van Riemsdyk.
15:49 of 3rd period - Shot Misses the Net.
15:51 of 3rd period - Slapshot by Ryan Mcdonagh.
15:51 of 3rd period - Stopped by Steve Mason with a rebound.
15:53 of 3rd period - Snap shot by James Van Riemsdyk.
15:53 of 3rd period - Shot Misses the Net.
15:55 of 3rd period - Snap shot by Kris Vernarsky.
15:55 of 3rd period - Stopped by Steve Mason with a rebound.
15:57 of 3rd period - Slapshot by Kris Vernarsky.
15:57 of 3rd period - Stopped by Steve Mason without a rebound.
15:58 of 3rd period - Ryan Kesler wins face-off versus Jean-Gabriel Pageau in Flyers zone.
16:05 of 3rd period - Wrist shot by Ryan Kesler.
16:05 of 3rd period - Shot Blocked by Jeff Woywitka.
16:07 of 3rd period - Snap shot by Niclas Bergfors.
16:07 of 3rd period - Shot Misses the Net.
16:09 of 3rd period - Snap shot by Alexander Ovechkin.
16:09 of 3rd period - Shot Hit the Post.
16:11 of 3rd period - Slapshot by Brett Clark.
16:11 of 3rd period - Deflect By Alexander Ovechkin.
16:11 of 3rd period - Stopped by Steve Mason without a rebound.
16:12 of 3rd period - Cody Eakin wins face-off versus Alexander Ovechkin in Flyers zone.
17:01 of 3rd period - Wrist shot by Adam Burish.
17:01 of 3rd period - Shot Blocked by Jeff Woywitka.
17:59 of 3rd period - Slapshot by Ryan Kesler.
17:59 of 3rd period - Shot Blocked by Stephane Robidas.
18:01 of 3rd period - Predators, Viktor Fasth is pulled from the net.
18:01 of 3rd period - Slapshot by Dmitri Kalinin.
18:01 of 3rd period - Stopped by Steve Mason without a rebound.
18:02 of 3rd period - James Van Riemsdyk wins face-off versus Cody Eakin in Flyers zone.
18:03 of 3rd period - Backhand shot by Ryan Mcdonagh.
18:03 of 3rd period - Shot Hit the Post.
18:05 of 3rd period - Snap shot by Kris Vernarsky.
18:05 of 3rd period - Stopped by Steve Mason with a rebound.
18:07 of 3rd period - Snap shot by James Van Riemsdyk.
18:07 of 3rd period - Stopped by Steve Mason without a rebound.
18:08 of 3rd period - Cody Eakin wins face-off versus Kris Vernarsky in Flyers zone.
18:13 of 3rd period - Snap shot by James Van Riemsdyk.
18:13 of 3rd period - Shot Misses the Net.
18:33 of 3rd period - Snap shot by Chris Kreider.
18:33 of 3rd period - Goal by Chris Kreider - Predators : 0 - Flyers : 2.
18:33 of 3rd period - Viktor Fasth from Predators was sent back in the game.
18:34 of 3rd period - Kris Vernarsky wins face-off versus Cody Eakin in neutral zone.
18:41 of 3rd period - Slapshot by Adam Burish.
18:41 of 3rd period - Stopped by Steve Mason with a rebound.
18:47 of 3rd period - Snap shot by Kris Vernarsky.
18:47 of 3rd period - Deflect By Jeff Woywitka.
18:47 of 3rd period - Stopped by Steve Mason without a rebound.
18:48 of 3rd period - Cody Eakin wins face-off versus Kris Vernarsky in Flyers zone.
19:13 of 3rd period - Brett Clark is hit by Jonathan Ericsson.
19:19 of 3rd period - Snap shot by Niclas Bergfors.
19:19 of 3rd period - Shot Misses the Net.
19:21 of 3rd period - Snap shot by Alexander Ovechkin.
19:21 of 3rd period - Stopped by Steve Mason with a rebound.
19:23 of 3rd period - Slapshot by John Moore.
19:23 of 3rd period - Deflect By Kyle Wellwood.
19:23 of 3rd period - Stopped by Steve Mason with a rebound.
Goals for this period are 0 for Predators vs 1 for Flyers.
Shots for this period are 16 for Predators vs 8 for Flyers.
Back to the Top